[Event "Early-Titled-Tuesday-Blitz-May-28-2024"]
[Site "Chess.com"]
[Date "2024.05.28"]
[Round "1"]
[White "CristianS27"]
[Black "GroovyKettle"]
[Result "0-1"]
[WhiteElo "2520"]
[BlackElo "2974"]
[TimeControl "180+1"]
[EndTime "8:06:43 PDT"]
[Termination "GroovyKettle won on time"]

1. e4 b6 2. d4 Bb7 3. Nc3 e6 4. a3 Nf6 5. Bd3 d5 6. e5 Nfd7 7. Nce2 f6 8. Nf4 Qe7 9. Nf3 Nc6 10. O-O fxe5 11. dxe5 O-O-O 12. Re1 g5 13. Nxg5 Qxg5 14. Nxe6 Qe7 15. Nxd8 Nxd8 16. Qg4 h5 17. Qh3 Kb8 18.
e6 Nc5 19. Bf5 Bg7 20. Rb1 Bc8 21. Bf4 Ncxe6 22. Rbd1 Nxf4 23. Rxe7 Nxh3+ 24. Bxh3 Bf6 25. Re3 Bb7 26. c3 a5 27. g3 Bc6 28. Bg2 d4 29. cxd4 Bxg2 30. Kxg2 Nb7 31. Re6 Rf8 32.
Rde1 Nd6 33. b3 Bxd4 34. Rh6 Rxf2+ 35. Kh3 Rf3 36. Rxh5 Rxb3 37. Rh7 Rxa3 38. Ree7 Rc3 39. Kg4 a4 40. h4 a3 41. Re2 b5 42. h5 b4 43. h6 Rc1 44. Rg7 Rh1 45. Rg8+ Kb7 46.
Kg5 b3 47. g4 b2 0-1

[Event "Early-Titled-Tuesday-Blitz-May-28-2024"]
[Site "Chess.com"]
[Date "2024.05.28"]
[Round "1"]
[White "PonyQueen07"]
[Black "manmanlai1"]
[Result "0-1"]
[WhiteElo "2044"]
[BlackElo "2567"]
[TimeControl "180+1"]
[EndTime "8:06:43 PDT"]
[Termination "manmanlai1 won on time"]

1. c4 e6 2. e4 c5 3. Nc3 Nc6 4. Nf3 a6 5. d3 Qc7 6. Be3 Rb8 7.
a4 d6 8. Be2 Nf6 9. O-O Be7 10.
d4 cxd4 11. Nxd4 O-O 12. Nxc6 bxc6 13. b3 c5 14. f4 Rd8 15. Qc2 Bb7 16. Bd3 Bc6 17. Kh1 h6 18. e5 dxe5 19. fxe5 Qxe5 20. Bf4 Qh5 21. Be2 Qh4 22. Bxb8 Rxb8 23. Bf3 Ng4 24. Bxg4 Qxg4 25. Rg1 Bf6 26. Rab1 Bd4 27. Ne2 Bxg1 28. Rxg1 Rd8 29. Ng3 h5 30. Qe2 Rd4 31. Qxg4 hxg4 32. h3 gxh3 33. Ne2 Re4 34. Ng3 Rh4 0-1

[Event "Early-Titled-Tuesday-Blitz-May-28-2024"]
[Site "Chess.com"]
[Date "2024.05.28"]
[Round "1"]
[White "MVM2008"]
[Black "PeshkaCh"]
[Result "0-1"]
[WhiteElo "2487"]
[BlackElo "2877"]
[TimeControl "180+1"]
[EndTime "8:06:44 PDT"]
[Termination "PeshkaCh won by resignation"]

1. e4 e5 2. f4 d5 3. Nf3 exf4 4. exd5 Nf6 5. Be2 Bd6 6. O-O O-O 7. c4 c6 8. dxc6 Nxc6 9. d4 Bg4 10. d5 Bxf3 11.
Bxf3 Ne5 12. Nd2 Re8 13. Kh1 Qb6 14. Ne4 Nxe4 15. Bxe4 g6 16. Qc2 Qd4 17. Bxf4 Nxc4 18. Bd3 Ne3 19. Bxe3 Rxe3 20. Rad1 Qh4 21. g3 Rxg3 22.
Qf2 Rf8 23. Rg1 Rxg1+ 24. Kxg1 Qg4+ 25. Kh1 Qxd1+ 0-1

[Event "Early-Titled-Tuesday-Blitz-May-28-2024"]
[Site "Chess.com"]
[Date "2024.05.28"]
[Round "1"]
[White "SimplyDevina"]
[Black "Phuzer"]
[Result "0-1"]
[WhiteElo "2311"]
[BlackElo "2630"]
[TimeControl "180+1"]
[EndTime "8:06:44 PDT"]
[Termination "Phuzer won by resignation"]

1. d4 d5 2. c4 c6 3. Nc3 dxc4 4. a4 e5 5. e3 exd4 6. exd4 Be6 7. Nf3 Bb4 8. Ne5 Qe7 9. Be2 Nd7 10. O-O Nxe5 11.
dxe5 Rd8 12. Qc2 Qc7 13. Bf4 Ne7 14. Na2 Bc5 15. Bxc4 Bxc4 16. Qxc4 Rd4 17. Qxc5 Rxf4 18. Rad1 O-O 19. Nc3 Ng6 20. Rfe1 b6 21. Qd6 Qxd6 22. exd6 Rd8 23. d7 Kf8 24. Rd6 Rf6 25. Ne4 Rxd6 26.
Nxd6 Ne7 27. Nc8 Rxd7 28. Nxe7 Rxe7 29. Rc1 c5 30. Kf1 Rd7 31. Rc2 Rd4 32. b3 Ke7 33.
Ke2 Kd6 34. Ke3 a5 35. f3 f5 36. g3 g5 37. f4 Re4+ 38. Kf3 gxf4 39. gxf4 Rb4 40.
Rd2+ Ke6 41. Re2+ Kf6 42. Re3 h5 43. Kg3 h4+ 44. Kf3 Rd4 45. Rc3 Rd2 46. Re3 Rxh2 47. Re8 Rh3+ 48. Kg2 Rxb3 49. Rh8 h3+ 50. Kh2 Ke6 0-1

[Event "Early-Titled-Tuesday-Blitz-May-28-2024"]
[Site "Chess.com"]
[Date "2024.05.28"]
[Round "1"]
[White "JaloliddinIlkhomi"]
[Black "DvaHrasta"]
[Result "1-0"]
[WhiteElo "2776"]
[BlackElo "2433"]
[TimeControl "180+1"]
[EndTime "8:06:45 PDT"]
[Termination "JaloliddinIlkhomi won on time"]

1. Nf3 Nf6 2. d4 e6 3. Bf4 d5 4.
e3 Bd6 5. Bg3 O-O 6. Nbd2 b6 7.
Bd3 c5 8. c3 Ba6 9. Bxa6 Nxa6 10. Ne5 Bxe5 11. Bxe5 Nd7 12. Bg3 Re8 13. O-O e5 14. dxe5 Nxe5 15. Nf3 Ng6 16. Qd3 c4 17. Qd4 Re4 18. Qd2 Nc5 19. Nd4 Nd3 20. Ne2 f5 21.
Rad1 Qd7 22. Nc1 f4 23. exf4 Ngxf4 24. f3 Nxc1 25. fxe4 Nce2+ 26. Kh1 Nxg3+ 27. hxg3 Nd3 28. Qe3 Re8 29. Rf4 dxe4 30. Rff1 Qd5 31. Kg1 h6 32. b3 b5 33. bxc4 bxc4 34. Rd2 a5 35. Re2 a4 36. Qa7 Qe5 37. Qf7+ Kh8 38. Qg6 Qc5+ 39. Kh2 Qe5 40. Rf7 e3 41. Rxg7 Qxg7 42. Qxe8+ Kh7 43. Qxe3 Qxc3 44.
Qe4+ Kg7 45. Qe7+ Kg6 46. Re6+ 1-0

[Event "Early-Titled-Tuesday-Blitz-May-28-2024"]
[Site "Chess.com"]
[Date "2024.05.28"]
[Round "1"]
[White "Keithonsky"]
[Black "carloseduar100"]
[Result "1-0"]
[WhiteElo "2629"]
[BlackElo "2311"]
[TimeControl "180+1"]
[EndTime "8:06:45 PDT"]
[Termination "Keithonsky won by resignation"]

1. d4 d5 2. c4 e5 3. dxe5 d4 4. Nf3 Nc6 5. a3 Nge7 6. Nbd2 Ng6 7. b4 Ncxe5 8. Bb2 Nxf3+ 9. Nxf3 a5 10. c5 b6 11.
Qxd4 Qxd4 12. Nxd4 axb4 13. Nb5 Kd7 14. cxb6 bxa3 15. Bxa3 Bb4+ 16. Kd1 cxb6 17. Kc2 Bxa3 18. Nxa3 Ba6 19. g3 Rhc8+ 20. Kb2 Bb7 21. Bh3+ Ke7 22. Rhc1 Rxc1 23. Rxc1 Kd6 24. Nb5+ Ke5 25. f4+ Kf6 26. Nd6 Bd5 27. e4 Ra2+ 28. Kb1 Rxh2 29.
Bg4 Be6 30. f5 Ne5 31. fxe6 Nxg4 32. exf7 Ke7 33. Rc7+ Kxd6 34. f8=Q+ Kxc7 35. Qxg7+ Kc6 36. Qxg4 1-0

[Event "Early-Titled-Tuesday-Blitz-May-28-2024"]
[Site "Chess.com"]
[Date "2024.05.28"]
[Round "1"]
[White "NowInChess"]
[Black "Nf3c5"]
[Result "1-0"]
[WhiteElo "2233"]
[BlackElo "2576"]
[TimeControl "180+1"]
[EndTime "8:06:45 PDT"]
[Termination "NowInChess won on time"]

1. e4 c5 2. d3 Nc6 3. g3 g6 4. Bg2 Bg7 5. f4 e6 6. Nf3 Nge7 7. O-O O-O 8. c3 b5 9. Be3 d6 10. d4 cxd4 11. cxd4 d5 12. e5 b4 13. Nbd2 a5 14. Nb3 Ba6 15. Re1 Nf5 16. Bf2 h5 17. Nc5 Qb6 18.
Nd7 Qb7 19. Nxf8 Bxf8 20. Bf1 a4 21. Bxa6 Qxa6 22. Qe2 Qb6 23. Qd2 b3 24. a3 Na5 25.
h3 Nc4 26. Qe2 Nh6 27. Rab1 Be7 28. Nd2 Rc8 29. Nxc4 Rxc4 30. Rbc1 Rc6 31. Rxc6 Qxc6 32. Qd2 Nf5 33. Rc1 Qb5 34. Kg2 Kg7 35. g4 hxg4 36.
hxg4 Nh4+ 37. Bxh4 Bxh4 38. g5 Qb8 39. Rh1 Qh8 40.
Qe2 1-0

[Event "Early-Titled-Tuesday-Blitz-May-28-2024"]
[Site "Chess.com"]
[Date "2024.05.28"]
[Round "1"]
[White "CarlosAlbornoz"]
[Black "patzer-reloaded"]
[Result "1-0"]
[WhiteElo "2837"]
[BlackElo "2472"]
[TimeControl "180+1"]
[EndTime "8:06:47 PDT"]
[Termination "CarlosAlbornoz won by resignation"]

1. Nf3 d6 2. e4 Nf6 3. Nc3 g6 4. d4 Bg7 5. Be2 O-O 6. O-O e5 7. h3 Nc6 8. Be3 exd4 9. Nxd4 Nxd4 10. Bxd4 Re8 11. Bd3 Bd7 12. Re1 c5 13. Be3 Bc6 14. Bg5 Qb6 15. Rb1 d5 16. Bxf6 Bxf6 17. Nxd5 Bxd5 18.
exd5 Qa5 19. Rxe8+ Rxe8 20. a3 Bxb2 21. a4 Bc3 22. Qg4 Qc7 23. Bb5 Re1+ 24. Rxe1 Bxe1 25. Qe2 Bc3 26. Bc4 Qe5 27. Qf3 Bd4 28. d6 Qe1+ 29. Kh2 Qe5+ 30. g3 Qf6 31. Kg2 Qxf3+ 32. Kxf3 Bf6 33.
Ke4 Kf8 34. Kd5 b6 35. Kc6 Ke8 36. Kc7 Be5 37. f4 Bxd6+ 38. Kxd6 a6 39. Kc6 1-0

[Event "Early-Titled-Tuesday-Blitz-May-28-2024"]
[Site "Chess.com"]
[Date "2024.05.28"]
[Round "1"]
[White "ccccvhhhj"]
[Black "AradNazari"]
[Result "0-1"]
[WhiteElo "2456"]
[BlackElo "2806"]
[TimeControl "180+1"]
[EndTime "8:06:47 PDT"]
[Termination "AradNazari won by checkmate"]

1. e4 c5 2. Nf3 d6 3. d4 cxd4 4.
Nxd4 Nf6 5. Nc3 a6 6. Rg1 e5 7. Nb3 h5 8. h3 h4 9. Be3 Be6 10. Qd2 Nbd7 11. O-O-O Rc8 12. f3 Be7 13. Kb1 b5 14.
Nd5 Bxd5 15. exd5 Nb6 16. Bxb6 Qxb6 17. Bd3 b4 18. Qe2 a5 19. Bb5+ Kf8 20. Ba4 Nh5 21.
Qe4 g6 22. Rge1 Nf4 23. Rd2 Bg5 24. Bc6 a4 25. Bxa4 f5 26. Qe3 Qxe3 27. Rxe3 Nxh3 28. Ree2 Ng1 29. Rf2 h3 30. gxh3 Bxd2 31. Nxd2 Nxh3 32. Rg2 Kf7 33. Bc6 Nf4 34. Rg1 Rh2 35. Nb3 Kf6 36. a3 bxa3 37. bxa3 Ne2 38. Re1 Rb8 39.
Kb2 Nd4 40. a4 Rxb3+ 41. Ka2 Rxc2+ 42. Ka1 Rbb2 43. a5 Nb3# 0-1

[Event "Early-Titled-Tuesday-Blitz-May-28-2024"]
[Site "Chess.com"]
[Date "2024.05.28"]
[Round "1"]
[White "rezamahdavi2008"]
[Black "Squirlolz"]
[Result "1-0"]
[WhiteElo "3001"]
[BlackElo "2526"]
[TimeControl "180+1"]
[EndTime "8:06:49 PDT"]
[Termination "rezamahdavi2008 won by checkmate"]

1. e4 e6 2. d4 d5 3. e5 c5 4. c3 Ne7 5. Nf3 Nec6 6. Be2 a5 7.
O-O b6 8. Na3 Ba6 9. Nb5 Be7 10.
a4 O-O 11. Re1 cxd4 12. cxd4 Nb4 13. Bf4 Bxb5 14. Bxb5 N8c6 15. Rc1 Rc8 16. Qd2 Na7 17. Be2 Qd7 18. b3 Rxc1 19. Rxc1 Rc8 20. h4 Rxc1+ 21. Qxc1 Qc6 22. Qxc6 Naxc6 23. Bb5 Kf8 24. Bd2 Na7 25. Be2 Nc2 26. Bd3 Nb4 27. Bxh7 g6 28. Bh6+ Ke8 29.
g4 Bf8 30. Bd2 Nc2 31. h5 Na1 32. h6 Nxb3 33. Be3 b5 34. Bg8 bxa4 35. h7 Bg7 36. Bg5 a3 37. Bf6 Kf8 38. Bxg7+ Kxg7 39. Ng5 a2 40. Nxf7 a1=Q+ 41. Kg2 Qxd4 42. h8=Q+ Kf8 43. Nh6 Qe4+ 44. Kg3 Nd4 45. Bf7+ Ke7 46. Qe8# 1-0

[Event "Early-Titled-Tuesday-Blitz-May-28-2024"]
[Site "Chess.com"]
[Date "2024.05.28"]
[Round "1"]
[White "ThetNaung291"]
[Black "Evan_Attaker"]
[Result "1-0"]
[WhiteElo "2360"]
[BlackElo "2634"]
[TimeControl "180+1"]
[EndTime "8:06:50 PDT"]
[Termination "ThetNaung291 won by checkmate"]

1. d4 c5 2. d5 d6 3. c4 g6 4.
Bd2 Bg7 5. Bc3 Nf6 6. Nd2 O-O 7. e4 Na6 8. Ngf3 Nc7 9. Bd3 a6 10. a4 Rb8 11. a5 b5 12. axb6 Rxb6 13. O-O Bg4 14. h3 Bxf3 15. Nxf3 Nd7 16. Bxg7 Kxg7 17.
Qc2 Qb8 18. Ra2 e6 19. Nd2 Re8 20. f4 exd5 21. cxd5 Nb5 22. Nc4 Nd4 23. Qc3 Rb3 24.
Qd2 Nf6 25. e5 dxe5 26. fxe5 Nxd5 27. Nd6 Rxe5 28. Rxf7+ Kh8 29. Qh6 Re1+ 30. Kf2 Qg8 31. Rf8 Re7 32. Rxg8+ Kxg8 33. Bc4 Rf7+ 34. Nxf7 Nf5 35.
Bxb3 Nxh6 36. Nxh6+ Kg7 37. Bxd5 Kxh6 38. Rxa6 Kh5 39. g3 c4 40. Bf3+ Kh6 41. h4 c3 42.
bxc3 Kg7 43. g4 Kh6 44. g5+ Kg7 45. Ra7+ Kh8 46. Bd5 h5 47. gxh6 g5 48. Be4 g4 49.
Ra8# 1-0

[Event "Early-Titled-Tuesday-Blitz-May-28-2024"]
[Site "Chess.com"]
[Date "2024.05.28"]
[Round "1"]
[White "Mikhail_Golubev"]
[Black "rionelG"]
[Result "1-0"]
[WhiteElo "2630"]
[BlackElo "2313"]
[TimeControl "180+1"]
[EndTime "8:06:51 PDT"]
[Termination "Mikhail_Golubev won by resignation"]

1. e4 c5 2. Nf3 d6 3. d4 cxd4 4. Nxd4 Nf6 5. Nc3 a6 6. Bc4 e6 7.
O-O Be7 8. a4 O-O 9. Qe2 Nc6 10.
Be3 Qc7 11. Rad1 Bd7 12. Kh1 Rac8 13. Ba2 Nb4 14. Bb3 d5 15. exd5 Nbxd5 16. Nxd5 Nxd5 17. Bc1 Bf6 18. c3 Rfe8 19. Bc2 g6 20. Qf3 Bg7 21. h4 Rcd8 22. h5 e5 23. hxg6 hxg6 24. Bxg6 Bc8 25. Be4 exd4 26. Bxd5 Re5 27. Ba2 Rf5 28. Qe2 dxc3 29.
bxc3 Rxd1 30. Rxd1 Qe7 31. Qxe7 1-0

[Event "Early-Titled-Tuesday-Blitz-May-28-2024"]
[Site "Chess.com"]
[Date "2024.05.28"]
[Round "1"]
[White "campochess"]
[Black "Barmen_EV"]
[Result "0-1"]
[WhiteElo "2128"]
[BlackElo "2571"]
[TimeControl "180+1"]
[EndTime "8:06:52 PDT"]
[Termination "Barmen_EV won on time"]

1. e4 e6 2. Qe2 c5 3. c3 Nc6 4.
Nf3 d6 5. d3 Be7 6. Be3 Nf6 7. h3 O-O 8. Nbd2 d5 9. g4 d4 10. Bg5 dxc3 11. bxc3 h6 12. Bh4 Qa5 13. Nb1 Nd4 14. Nxd4 cxd4 15. Qc2 dxc3 16. Be2 Bd7 17. a4 b5 18. O-O b4 19. Qb3 Rfc8 20. Bg3 e5 21. d4 Nxe4 22. Bc4 Rxc4 23. Qxc4 Rc8 24.
Qb3 c2 25. Bxe5 cxb1=Q 26. Raxb1 Nd2 27. Qe3 Nxb1 28. Rxb1 Qd5 29. g5 Bc6 30. f3 Bxg5 0-1

[Event "Early-Titled-Tuesday-Blitz-May-28-2024"]
[Site "Chess.com"]
[Date "2024.05.28"]
[Round "1"]
[White "Nechitaylo_Nikita"]
[Black "Boundless_Strike"]
[Result "0-1"]
[WhiteElo "2331"]
[BlackElo "2641"]
[TimeControl "180+1"]
[EndTime "8:06:54 PDT"]
[Termination "Boundless_Strike won on time"]

1. d4 e5 2. dxe5 d6 3. exd6 Bxd6 4. Nf3 Nc6 5. Nc3 Bg4 6. Nb5 Bb4+ 7. c3 Qxd1+ 8.
Kxd1 O-O-O+ 9. Bd2 Bc5 10. Ng5 Nh6 11. h3 Bh5 12. g4 Bg6 13. e3 f6 14. Ne6 Rd5 15.
Nbxc7 Rd6 16. Nxc5 Kxc7 17. Bg2 Rhd8 18. Ke1 Rxd2 19.
Ne6+ Kb6 20. Nxd8 Rxd8 21. Rd1 Re8 0-1

[Event "Early-Titled-Tuesday-Blitz-May-28-2024"]
[Site "Chess.com"]
[Date "2024.05.28"]
[Round "1"]
[White "chess_blitz00"]
[Black "andrew-blr"]
[Result "0-1"]
[WhiteElo "2286"]
[BlackElo "2610"]
[TimeControl "180+1"]
[EndTime "8:06:54 PDT"]
[Termination "andrew-blr won by resignation"]

1. Nf3 d5 2. d3 Nf6 3. g3 c5 4.
Bg2 Nc6 5. O-O e5 6. Nfd2 Be7 7. e4 O-O 8. Nc3 Be6 9. exd5 Nxd5 10. Nde4 Re8 11. Nxd5 Bxd5 12. b3 f5 13. Nc3 Bxg2 14. Kxg2 Bf6 15. Bb2 Qd7 16. Qf3 Rad8 17. Na4 b6 18.
Rfe1 e4 19. dxe4 Bxb2 20. Nxb2 Nd4 21. Qf4 fxe4 22. Rxe4 Rf8 23. Qg4 Qxg4 24. Rxg4 Nxc2 25. Rd1 Nb4 26. Rxd8 Rxd8 27. a3 Nc2 28. a4 Nd4 29.
a5 bxa5 30. Na4 Nxb3 31. Rg5 Rc8 32. Rd5 c4 33. Nc3 a4 34. Rd7 a5 35. Ra7 a3 36.
Kf1 Rd8 37. Rc7 Rd3 38. Rxc4 Rxc3 39. Rxc3 a2 40. Rxb3 a1=Q+ 41. Kg2 Qe5 42. Rb8+ Qxb8 0-1

[Event "Early-Titled-Tuesday-Blitz-May-28-2024"]
[Site "Chess.com"]
[Date "2024.05.28"]
[Round "1"]
[White "Jojo_898"]
[Black "remi04"]
[Result "0-1"]
[WhiteElo "2460"]
[BlackElo "2813"]
[TimeControl "180+1"]
[EndTime "8:06:55 PDT"]
[Termination "remi04 won by resignation"]

1. e4 c5 2. Nf3 d6 3. c3 Nf6 4.
Bd3 Nc6 5. O-O e5 6. h3 Rg8 7. Bc2 g5 8. d4 g4 9. hxg4 Bxg4 10.
dxc5 dxc5 11. Qxd8+ Rxd8 12. Kh2 Bxf3 13. gxf3 Nh5 14.
Na3 Rd6 15. Rg1 Bg7 16. Nc4 Rf6 17. Bg5 Rg6 18. Be3 Bf8 19. Rxg6 Rxg6 20. Rg1 b5 21.
Rxg6 hxg6 22. Nd2 Ng7 23. Bd3 c4 24. Be2 Ne6 25. b3 b4 26. cxb4 c3 27. b5 Ncd4 0-1

[Event "Early-Titled-Tuesday-Blitz-May-28-2024"]
[Site "Chess.com"]
[Date "2024.05.28"]
[Round "1"]
[White "Alexchess1984"]
[Black "ajedrez1101"]
[Result "1-0"]
[WhiteElo "2632"]
[BlackElo "2302"]
[TimeControl "180+1"]
[EndTime "8:06:55 PDT"]
[Termination "Alexchess1984 won by resignation"]

1. d4 b6 2. Bf4 Bb7 3. e3 d6 4. Nf3 Nd7 5. h3 g6 6. Bh2 Bg7 7. c4 Nh6 8. Nc3 O-O 9. Be2 e5 10. O-O Nf5 11. dxe5 Nxe5 12. Nxe5 dxe5 13. Qc2 Qe7 14.
Rad1 Rfd8 15. Nd5 Bxd5 16. cxd5 Nd6 17. Rc1 Rd7 18. Qa4 a5 19. Rc2 f5 20. Rfc1 Kh8 21. Rc6 Nb7 22. Re6 Qd8 23. Bxe5 Nc5 24. Bxg7+ Rxg7 25. Rxc5 bxc5 26. Bc4 Re7 27. Qc2 Rxe6 28. dxe6 Qf6 29. b3 Rd8 30. g3 Qa1+ 31. Kg2 Rd1 32.
e7 Qe5 33. Qxd1 1-0

[Event "Early-Titled-Tuesday-Blitz-May-28-2024"]
[Site "Chess.com"]
[Date "2024.05.28"]
[Round "1"]
[White "Aggressus"]
[Black "Budag-Leyla"]
[Result "0-1"]
[WhiteElo "2539"]
[BlackElo "1853"]
[TimeControl "180+1"]
[EndTime "8:06:55 PDT"]
[Termination "Budag-Leyla won on time"]

1. e4 d5 2. exd5 Nf6 3. d4 Nxd5 4. Nf3 Bg4 5. Be2 e6 6. O-O Nc6 7. c4 Nb6 8. b3 Be7 9. Bb2 O-O 10.
Nbd2 Bf6 11. h3 Bh5 12. Ne4 Bxf3 13. Nxf6+ Qxf6 14. Bxf3 Rad8 15. Bxc6 bxc6 16. Qe2 Qg6 17. Rad1 Nd7 18. Ba3 Rfe8 19. Qf3 e5 20. d5 e4 21. Qe3 cxd5 22. Rxd5 Ne5 23. Rfd1 Rxd5 24. Rxd5 c6 25. Rd1 h6 26. Qxa7 Qh5 27. Qd4 Qg6 28. Kf1 Nd3 29. Bc1 Qh5 30. Rxd3 exd3 31. Qxd3 Qe5 32. Be3 Qa1+ 33.
Ke2 Qxa2+ 34. Kf3 Qa8 35. Ke2 Rb8 36. Qe4 Qa2+ 37. Kf3 Qa8 38. Qd3 Qb7 39. Qe4 Rc8 40.
Qc2 Qe7 41. Qc3 Rb8 42. Bd4 f6 43. c5 Rd8 44. Be3 f5 45. Qc4+ Kh8 46. Qf4 g5 47. Qc4 Rd5 48. g4 f4 49. Bd4+ Kg8 50.
Qd3 Qg7 51. Bxg7 Rxd3+ 52. Ke4 Rxh3 53. Be5 Rxb3 54. Kf5 Kf7 55. f3 Rxf3 0-1

[Event "Early-Titled-Tuesday-Blitz-May-28-2024"]
[Site "Chess.com"]
[Date "2024.05.28"]
[Round "1"]
[White "MikeWizard"]
[Black "JM05C"]
[Result "0-1"]
[WhiteElo "2003"]
[BlackElo "2559"]
[TimeControl "180+1"]
[EndTime "8:06:56 PDT"]
[Termination "JM05C won by checkmate"]

1. d4 d5 2. c4 c6 3. Nf3 Nf6 4. Nc3 e6 5. e3 Nbd7 6. Be2 Bd6 7. O-O O-O 8. b3 e5 9. dxe5 Nxe5 10.
cxd5 cxd5 11. Nxd5 Nxd5 12. Qxd5 Nxf3+ 13. Bxf3 Qf6 14. Bb2 Bxh2+ 15. Kxh2 Qxb2 16. a4 Qf6 17. Rac1 Be6 18. Qxb7 Rab8 19. Qxa7 Rb4 20. Rc5 Bxb3 21. a5 Rh4+ 22. Kg1 Rh6 23. Rh5 Rg6 24. Qb7 Be6 25. a6 Bc8 26. Qd5 Bxa6 27. Ra1 Bc4 28. Qd4 Qxf3 29. Rh2 Bd5 30. Rd1 Rxg2+ 31. Kf1 Qxf2# 0-1

[Event "Early-Titled-Tuesday-Blitz-May-28-2024"]
[Site "Chess.com"]
[Date "2024.05.28"]
[Round "1"]
[White "Aryan_Tamadon"]
[Black "Alexander_Donchenko"]
[Result "0-1"]
[WhiteElo "2502"]
[BlackElo "2902"]
[TimeControl "180+1"]
[EndTime "8:06:58 PDT"]
[Termination "Alexander_Donchenko won on time"]

1. Nf3 Nf6 2. g3 b6 3. Bg2 Bb7 4. O-O g6 5. b3 Bg7 6. Bb2 O-O 7. e3 d6 8. d4 c5 9. Nbd2 Nbd7 10. a4 a6 11. c4 cxd4 12. Nxd4 Bxg2 13. Kxg2 Rc8 14. Qf3 Nc5 15. Rab1 Qc7 16. Nc2 Rfd8 17. Nb4 a5 18. Bxf6 axb4 19. Bxg7 Kxg7 20. Rfd1 f5 21. e4 Rf8 22.
Qe3 Qc6 23. Re1 e5 24. f4 exf4 25. Qd4+ Kg8 26. Kh3 fxg3 27. hxg3 Qd7 28. exf5 Rxf5 29. g4 Rf7 30. Re3 Ne6 31. Qb2 Rcf8 32. Rbe1 Ng5+ 33. Kg3 Rf4 34. Kh2 Qxg4 35. Rh3 Qxh3+ 0-1

[Event "Early-Titled-Tuesday-Blitz-May-28-2024"]
[Site "Chess.com"]
[Date "2024.05.28"]
[Round "1"]
[White "JiaHaoxiang"]
[Black "Thebigsqueeze"]
[Result "1-0"]
[WhiteElo "2616"]
[BlackElo "2301"]
[TimeControl "180+1"]
[EndTime "8:06:58 PDT"]
[Termination "JiaHaoxiang won by resignation"]

1. e4 e6 2. d4 d5 3. e5 c5 4. c3 Bd7 5. Nf3 Qb6 6. a4 cxd4 7. cxd4 Nc6 8. Nc3 Na5 9. Be2 Ne7 10. O-O Nec6 11.
Be3 Qb3 12. Nb5 Qxd1 13. Rfxd1 Rc8 14. Rac1 a6 15. Nd6+ Bxd6 16. exd6 f6 17. Bf4 Nb4 18. Rxc8+ Bxc8 19. Rc1 Nbc6 20. Rc5 Nb3 21. Rc3 Nba5 22.
Rc5 Bd7 23. b4 Nxb4 24. Rc7 Nbc6 25. Bd2 Kd8 26. Bxa5 Nxa5 27. Ne1 b5 28. axb5 axb5 29. Nd3 Nb3 30. Nc5 Nxc5 31. dxc5 b4 32. Rb7 Bc8 33. Rxb4 e5 34. c6 Re8 35. Rb8 Re6 36. c7+ Kd7 37.
Bg4 Kxd6 38. Bxe6 Bxe6 39. c8=Q Bxc8 40. Rxc8 e4 41. Kf1 h6 42. Ke2 g5 43. Rh8 1-0

[Event "Early-Titled-Tuesday-Blitz-May-28-2024"]
[Site "Chess.com"]
[Date "2024.05.28"]
[Round "1"]
[White "ChrisTool2"]
[Black "Yeritsyaan"]
[Result "0-1"]
[WhiteElo "2392"]
[BlackElo "2717"]
[TimeControl "180+1"]
[EndTime "8:07:01 PDT"]
[Termination "Yeritsyaan won by checkmate"]

1. d4 Nf6 2. c4 g6 3. f3 d5 4.
cxd5 Nxd5 5. e4 Nb6 6. Nc3 Bg7 7.
Be3 O-O 8. Qd2 Nc6 9. O-O-O e5 10. d5 Nd4 11. f4 Bg4 12. Re1 c5 13. h3 Bd7 14.
Nf3 Nxf3 15. gxf3 exf4 16. Bxf4 Na4 17. Nxa4 Bxa4 18. e5 c4 19. Kb1 Rc8 20. Qb4 b5 21.
e6 Qf6 22. Bd2 Qxf3 23. e7 Qxh1 24. exf8=Q+ Bxf8 25. d6 Rd8 26. Bg5 Rxd6 27. Bh6 Rd8 28. Bxf8 Qe4+ 29. Ka1 Qc2 30. Bh6 Rd1+ 31. Bc1 Qxc1# 0-1

[Event "Early-Titled-Tuesday-Blitz-May-28-2024"]
[Site "Chess.com"]
[Date "2024.05.28"]
[Round "1"]
[White "DishonorOnYourCow"]
[Black "FischerKasparow"]
[Result "1-0"]
[WhiteElo "2570"]
[BlackElo "2106"]
[TimeControl "180+1"]
[EndTime "8:07:01 PDT"]
[Termination "DishonorOnYourCow won by checkmate"]

1. d4 Nf6 2. c4 c5 3. d5 b5 4. cxb5 a6 5. bxa6 Bxa6 6. Nc3 g6 7. Nf3 Bg7 8. g3 d6 9. e4 Bxf1 10. Kxf1 O-O 11. Kg2 Nbd7 12. a4 Ra6 13. Qc2 Qa8 14.
Nb5 Rc8 15. Bf4 Ne8 16. h4 h5 17. Ra2 Nc7 18. Nxc7 Rxc7 19. b3 Rb7 20. Nd2 Rb4 21. Nc4 Nb6 22. Bd2 Nxc4 23. Bxb4 Ne3+ 24. fxe3 cxb4 25. Qc4 Bc3 26. Rc1 Qb7 27. Rxc3 bxc3 28.
Qxc3 Qd7 29. a5 Qg4 30. Qc4 Ra8 31. a6 Rc8 32. a7 Rxc4 33. bxc4 Qxe4+ 34. Kh2 Qxe3 35. a8=Q+ Kg7 36. Qa3 Qe4 37. Qb2+ f6 38. Ra7 Kh6 39. Qd2+ g5 40. hxg5+ fxg5 41. Ra3 Qxc4 42.
Re3 h4 43. Re6+ Kh5 44. Qd1+ g4 45. Qd2 hxg3+ 46. Kg2 Qf4 47. Qxf4 Kh4 48. Rh6# 1-0

[Event "Early-Titled-Tuesday-Blitz-May-28-2024"]
[Site "Chess.com"]
[Date "2024.05.28"]
[Round "1"]
[White "ailime26"]
[Black "KubaGepard"]
[Result "0-1"]
[WhiteElo "2126"]
[BlackElo "2575"]
[TimeControl "180+1"]
[EndTime "8:07:04 PDT"]
[Termination "KubaGepard won by resignation"]

1. Nf3 d5 2. g3 Nf6 3. Bg2 g6 4. O-O Bg7 5. d3 O-O 6. c4 Nc6 7. Bf4 Nh5 8. Bc1 d4 9. a3 a5 10. Qb3 a4 11. Qc2 Bd7 12. Nbd2 Na5 13. b3 axb3 14. Qb2 Ba4 15. Ne4 b6 16. Bd2 Nb7 17. g4 Nf6 18. Nxf6+ Bxf6 19. Bh6 Re8 20. Nd2 Nc5 21.
Bxa8 Qxa8 22. Nf3 e5 23. Bg5 Bg7 24. Qd2 e4 25. dxe4 Nxe4 26. Qd3 Nc3 27. Rfe1 b2 28. Rab1 Nxb1 29. Qxb1 Bc6 30. Nd2 Qxa3 31. e3 dxe3 32. Bxe3 Qa1 33. Nb3 Qxb1 34. Rxb1 Be4 35. Re1 b1=Q 36.
Rxb1 Bxb1 37. Nd2 Bd3 38. Kg2 Ra8 39. Kg3 Be5+ 40. Kf3 Bc3 41. Ne4 Bxe4+ 42. Kxe4 Ra4 43. Kd3 Be5 44. f4 Bd6 45. h4 f5 46. gxf5 gxf5 47.
h5 Kf7 48. h6 Kg6 49. Kd4 Bc5+ 50. Kd3 Bxe3 0-1

[Event "Early-Titled-Tuesday-Blitz-May-28-2024"]
[Site "Chess.com"]
[Date "2024.05.28"]
[Round "1"]
[White "maracayo"]
[Black "Goryachkina"]
[Result "0-1"]
[WhiteElo "2381"]
[BlackElo "2689"]
[TimeControl "180+1"]
[EndTime "8:07:07 PDT"]
[Termination "Goryachkina won on time"]

1. e4 c5 2. Nf3 e6 3. b3 Nc6 4. Bb5 Nge7 5. O-O a6 6. Bxc6 Nxc6 7. Bb2 d6 8. d4 cxd4 9. Nxd4 Nxd4 10. Qxd4 e5 11.
Qe3 Be7 12. f4 exf4 13. Qxf4 O-O 14. Qg3 f6 15. Nc3 Be6 16. Nd5 b5 17. Rad1 Rc8 18. Rd2 Rf7 19. h4 Bxd5 20. exd5 Qa5 21. Re2 Qxa2 22.
c4 bxc4 23. bxc4 Qxc4 24. Rc1 Qxe2 25. Rxc8+ Rf8 26. Qc3 Qd1+ 27. Kh2 Qxd5 28. Rxf8+ Kxf8 29. Qc8+ Kf7 30. Qxa6 Qe4 31. Qb5 Qxh4+ 32. Kg1 Qe1+ 33. Kh2 Qe6 34. Qb7 h5 35. Ba3 Qe5+ 36. Kh1 Qa1+ 0-1

[Event "Early-Titled-Tuesday-Blitz-May-28-2024"]
[Site "Chess.com"]
[Date "2024.05.28"]
[Round "1"]
[White "Herzog2012"]
[Black "luca_va99"]
[Result "1-0"]
[WhiteElo "2606"]
[BlackElo "2261"]
[TimeControl "180+1"]
[EndTime "8:07:07 PDT"]
[Termination "Herzog2012 won on time"]

1. e4 d5 2. exd5 Qxd5 3. Nc3 Qe5+ 4. Be2 Bg4 5. d4 Bxe2 6. Ngxe2 Qa5 7. O-O Nf6 8. Bf4 Nc6 9. a3 O-O-O 10. Qd3 Nd5 11.
Nxd5 Qxd5 12. c4 Qd7 13. d5 e6 14. Nc3 exd5 15. cxd5 Ne7 16. Qc4 Nf5 17. Nb5 Nd6 18. Bxd6 Bxd6 19. Nxa7+ Kb8 20. Nc6+ bxc6 21. dxc6 Qc8 22.
Rfd1 Ka7 23. Qd4+ Ka8 24. Qa4+ Kb8 25. Rd5 Bxh2+ 26. Kxh2 Rxd5 27. Qb3+ Ka7 28. Qxd5 Rd8 29. Qa5+ Kb8 30. Rc1 1-0